 Seeded DCSS version 0.30-a0-250-g41c1d76940 (webtiles) character file.

Game seed: 6617275544464515907 (custom seed)

13051 Iusername the Cleaver (level 11, -18/104 HPs)
             Began as a Minotaur Fighter on Oct 11, 2022.
             Demolished by Snorg (19 damage)
             ... on level 10 of the Dungeon on Oct 12, 2022.
             The game lasted 00:12:14 (8324 turns).

Iusername the Cleaver (Minotaur Fighter)            Turns: 8324, Time: 00:12:16

Health: -18/104    AC: 20    Str: 32    XL:     11   Next: 70%
Magic:  10/10      EV: 10    Int:  5    God:
Gold:   862        SH:  0    Dex:  9    Spells: 10/10 levels left

rFire   . . .      SeeInvis .    D - +3 battleaxe
rCold   . . .      Faith    .    (shield currently unavailable)
rNeg    . . .      Spirit   .    b - +0 scale mail
rPois   .          Reflect  .    (helmet restricted)
rElec   .          Harm     .    (no cloak)
rCorr   .          Rampage  .    x - +2 pair of gloves
Will    .....                    v - +2 pair of boots
Stlth   ..........               g - amulet of regeneration
HPRegen 1.17/turn                r - +6 ring of strength
MPRegen 0.12/turn                h - +4 ring of protection

@: studying Axes
A: horns 2, retaliatory headbutt
a: no special abilities


You were on level 10 of the Dungeon.
You visited 1 branch of the dungeon, and saw 10 of its levels.
You also visited: Bailey.

You collected 862 gold pieces.

Inventory:

Hand Weapons
 D - a +3 battleaxe (weapon)
Missiles
 C - 2 throwing nets
Armour
 b - a +0 scale mail (worn)
 v - a +2 pair of boots (worn)
 x - a +2 pair of gloves (worn)
Jewellery
 d - a ring of flight
 g - an amulet of regeneration (around neck)
 h - a +4 ring of protection (right hand)
 r - a +6 ring of strength (left hand)
 y - a +4 ring of protection
 z - an amulet of the acrobat
Wands
 u - a wand of polymorph (3) (quivered)
 B - a wand of charming (6)
 I - a wand of flame (2)
Scrolls
 a - a scroll of amnesia {unknown}
 c - 2 scrolls of identify
 e - 5 scrolls of teleportation {unknown}
 k - 5 scrolls of fear {unknown}
 l - 2 scrolls of noise
 n - 3 scrolls of immolation {unknown}
 p - a scroll of enchant armour
 q - a scroll of summoning {unknown}
 s - a scroll of enchant weapon {unknown}
 t - 2 scrolls of blinking {unknown}
 E - a scroll of magic mapping {unknown}
 H - a scroll of poison {unknown}
Potions
 f - a potion of ambrosia {unknown}
 i - 2 potions of degeneration {unknown}
 j - a potion of heal wounds
 m - 5 potions of flight
 o - 6 potions of curing
 A - a potion of invisibility
 F - 2 potions of might
 G - 2 potions of lignification {unknown}
Miscellaneous
 w - a tin of tremorstones (2/2)


   Skills:
 + Level 12.0 Fighting
 + Level 14.0 Axes
 + Level 11.9 Armour
 + Level 11.9 Shields


You had 10 spell levels left.
You didn't know any spells.
Your spell library contained the following spells:

 Spells                   Type           Power      Damage    Failure   Level
 Beastly Appendage        Tmut           0%         N/A       65%         1
 Blink                    Tloc           0%         N/A       80%         2
 Momentum Strike          Conj/Tloc      0%         3d8       80%         2
 Wereblood                Tmut           0%         N/A       80%         2
 Ignite Poison            Fire/Tmut/Pois 0%         N/A       95%         3
 Kindle Blastsparks       Fire/Tloc/Air  0%         2d10      95%         3
 Lesser Beckoning         Tloc           0%         N/A       95%         3
 Spider Form              Tmut/Pois      0%         N/A       95%         3
 Airstrike                Air            0%         2d(0-16)  100%        4
 Summon Lightning Spire   Summ/Air       0%         N/A       100%        4
 Freezing Cloud           Conj/Ice/Air   0%         6-21      100%        5
 Lightning Bolt           Conj/Air       0%         1d11      100%        5
 Malign Gateway           Summ/Tloc      0%         N/A       100%        7
 Summon Horrible Things   Summ           0%         N/A       100%        8


Dungeon Overview and Level Annotations

Branches:
Dungeon (10/15)            Temple (0/1) D:4            Lair (0/5) D:9
    Orc (0/2) D:10         Bailey (visited)

Altars:
Uskayaw

Annotations:
D:10 Snorg


Innate Abilities, Weirdness & Mutations

You have a pair of horns on your head.
You reflexively headbutt those who attack you in melee.


Message History

You kill the cyclops!
You slice Snorg!! Snorg bites you but does no damage. Snorg closely misses you.
Snorg claws you.
Your Fighting skill increases to level 12!
Your Axes skill increases to level 14!
Snorg bites you but does no damage. Snorg barely misses you. Snorg claws you.
Things that are here:
2 large rocks; a cyclops corpse You slash Snorg!
You headbutt Snorg!
Snorg is heavily wounded.
Snorg beckons gently.
Snorg bites you but does no damage. Snorg claws you but does no damage. x2
You slice Snorg!!
Snorg is severely wounded.
Snorg goes berserk!
You slash Snorg!
Snorg is severely wounded.
Snorg misses you. Snorg barely misses you. Snorg claws you!
You slash Snorg!
Snorg is almost dead.
Snorg bites you! Snorg claws you! Snorg claws you. Snorg barely misses you.
You furiously retaliate!
You headbutt Snorg! Snorg claws you!
* * * LOW HITPOINT WARNING * * *
Snorg claws you but does no damage.
You closely miss Snorg.
Snorg is almost dead.
Snorg bites you.
* * * LOW HITPOINT WARNING * * *
Snorg claws you.
* * * LOW HITPOINT WARNING * * *
Snorg claws you!
* * * LOW HITPOINT WARNING * * *
You feel much better. Snorg bites you.
* * * LOW HITPOINT WARNING * * *
Snorg claws you.
* * * LOW HITPOINT WARNING * * *
Snorg claws you!
* * * LOW HITPOINT WARNING * * *
Snorg bites you!!
You die...

#.# #.#.#. #..
#.#.#.#.. ..# #.#.#...
#.. . #.#.#... ..# ...
#.#.#..##..# .#
.....###.#.#..#..##..#.
.........#.#.##T.......
.....###...#...@(## ###
##.##.##........
#..............
###############


You could see Snorg (berserk).

Vanquished Creatures
  Erica (D:9)
  A two-headed ogre (D:9)
  A deep elf pyromancer (D:9)
  3 cyclopes
  Psyche (D:9)
  A troll (D:10)
  3 wyverns (D:9)
  15 yaks
  2 basilisks (D:9)
  Grum (Bailey)
  3 steam dragons
  An acid dragon (D:9)
  7 water moccasins
  3 orc warriors
  2 ice beasts (D:6)
  2 black bears
  8 wolves
  3 centaurs
  2 phantoms (D:4)
  2 kobold brigands
  3 bullfrogs
  A necrophage (D:4)
  6 scorpions
  7 gnoll sergeants
  18 wights
  11 killer bees
  3 jellies
  5 howler monkeys
  3 hounds
  9 orc priests
  Crazy Yiuf (D:2)
  7 gnoll boudas
  An iguana (D:4)
  8 orc wizards
  22 gnolls
  5 adders
  A shadow imp (D:7)
  2 white imps
  A worm (D:2)
  A dart slug (D:2)
  36 orcs
  3 bats
  8 endoplasms
  6 giant cockroaches
  11 goblins
  7 hobgoblins
  2 jackals (D:4)
  14 kobolds
  3 quokkas
  6 ball pythons
  4 frilled lizards
  6 rats
283 creatures vanquished.

Vanquished Creatures (others)
  An orc wizard (D:7)
  A kobold (D:9)
  2 fungi (D:9)
  7 plants
11 creatures vanquished.

Grand Total: 294 creatures vanquished

Notes
Turn   | Place    | Note
-------+----------+-------------------------------------------
     0 | D:1      | Iusername the Minotaur Fighter began the quest for the Orb.
     0 | D:1      | Reached XP level 1. HP: 19/19 MP: 0/0
   180 | D:1      | Reached XP level 2. HP: 21/27 MP: 1/1
   411 | D:1      | Found a faded altar of an unknown god.
   767 | D:2      | Reached skill level 3 in Axes
   767 | D:2      | Reached XP level 3. HP: 33/33 MP: 2/2
  1077 | D:2      | Upgraded the game from 0.30-a0-242-g7bf8e6d787 to
                  | 0.30-a0-250-g41c1d76940
  1114 | D:2      | Found a runed translucent door.
  1115 | D:2      | Noticed Crazy Yiuf
  1435 | D:2      | Killed Crazy Yiuf
  1436 | D:2      | Reached XP level 4. HP: 6/41 MP: 3/3
  1980 | D:3      | Reached XP level 5. HP: 32/47 MP: 4/4
  2919 | D:4      | Reached skill level 5 in Fighting
  2919 | D:4      | Reached skill level 4 in Axes
  2939 | D:4      | Reached skill level 5 in Armour
  2939 | D:4      | Reached skill level 5 in Shields
  3620 | D:4      | Noticed a phantom
  3621 | D:4      | Noticed a phantom
  3629 | D:4      | Killed a phantom
  3630 | D:4      | Reached XP level 6. HP: 56/56 MP: 5/5
  3728 | D:4      | Found a staircase to the Ecumenical Temple.
  3755 | D:4      | Reached skill level 5 in Axes
  3755 | D:4      | Reached XP level 7. HP: 62/62 MP: 6/6
  3839 | D:5      | Entered Level 5 of the Dungeon
  3858 | D:5      | Found Kuiziat's Antique Armour Shop.
  4517 | D:6      | Reached skill level 6 in Axes
  4517 | D:6      | Reached XP level 8. HP: 71/71 MP: 7/7
  4909 | D:6      | Reached skill level 7 in Axes
  5222 | D:7      | Noticed a cyclops
  5230 | D:7      | Reached XP level 9. HP: 77/81 MP: 8/8
  5239 | D:7      | Killed a cyclops
  5332 | D:7      | Reached skill level 8 in Axes
  5573 | D:7      | Found a flagged portal.
  5584 | Bailey   | Entered a bailey
  5621 | Bailey   | Reached skill level 9 in Axes
  5714 | Bailey   | Reached XP level 10. HP: 46/91 MP: 9/9
  5733 | Bailey   | Identified the +0 morningstar "Esir" {freeze, Will++ rCorr
                  | Dex-5 Stlth+}
  5798 | Bailey   | Noticed Grum
  5829 | Bailey   | Killed Grum
  5830 | Bailey   | Reached skill level 10 in Axes
  6129 | D:7      | Found a hide-covered altar of Uskayaw.
  6483 | D:8      | Reached skill level 10 in Fighting
  6508 | D:8      | Reached skill level 10 in Armour
  6508 | D:8      | Reached skill level 10 in Shields
  6665 | D:8      | Reached skill level 11 in Axes
  7087 | D:9      | Reached skill level 12 in Axes
  7193 | D:9      | Reached XP level 11. HP: 88/101 MP: 10/10
  7301 | D:9      | Noticed Erica
  7315 | D:9      | Killed Erica
  7470 | D:9      | Noticed a deep elf pyromancer
  7474 | D:9      | Killed a deep elf pyromancer
  7744 | D:9      | Noticed a two-headed ogre
  7751 | D:9      | Killed a two-headed ogre
  7752 | D:9      | Reached skill level 13 in Axes
  7967 | D:9      | Found a staircase to the Lair.
  7980 | D:9      | Noticed Psyche
  7988 | D:9      | Killed Psyche
  8214 | D:10     | Entered Level 10 of the Dungeon
  8226 | D:10     | Found a staircase to the Orcish Mines.
  8307 | D:10     | Noticed Snorg
  8318 | D:10     | Reached skill level 14 in Axes
  8323 | D:10     | HP: 3/104 [Snorg (16)]
  8324 | D:10     | HP: 1/104 [Snorg (15)]
  8324 | D:10     | Demolished by Snorg

Illustrated notes

Levels and vault maps discovered:
D:1:      eino_arrival_tree_alley, layout_loops_ring,
          hellmonk_ecumenical_altar_crossroads
D:2:      minmay_diamond_boxcup, layout_loops_ring, uniq_crazy_yiuf_cottage
D:3:      layout_basic
D:4:      layout_basic, temple_hall, serial_bayou_ford_a
D:5:      layout_gridville, serial_shops, shop_fountains
D:6:      layout_loops_ring
D:7:      layout_rooms, mainiacjoe_overflow_surrounded_room, enter_bailey_3,
          minmay_manual_monolith
D:8:      layout_loops_ring, chequers_serial_rivers_micro_d
D:9:      layout_loops_corners, minmay_lair_entry_grove, uniq_erica, uniq_psyche
D:10:     minmay_tri_box, layout_basic, david_orc_2, st_stairs_9, uniq_fannar,
          uniq_snorg

Skill      XL: |  1  2  3  4  5  6  7  8  9 10 11 |
---------------+----------------------------------+-----
Armour         | 4 5 6 8 9 10 11 | 11.9
Fighting       | 4 5 6 8 9 10 12 | 12.0
Shields        | 4 5 6 7 9 10 11 | 11.9
Axes           | 3 4 5 6 7 9 12 14 | 14.0

Action                   |  1- 3 |  4- 6 |  7- 9 | 10-12 || total
-------------------------+-------+-------+-------+-------++-------
Melee: War axe           |   110 |    78 |   221 |    65 ||   474
       Headbutt          |    18 |     9 |    40 |    47 ||   114
       Battleaxe         |       |       |       |   179 ||   179
Evoke: Wand              |       |       |       |    15 ||    15
  Use: Potion            |       |       |     3 |     5 ||     8
       Scroll            |       |       |     7 |       ||     7
Armor: Scale mail        |    53 |    44 |   180 |   195 ||   472
Dodge: Dodged            |    50 |    29 |   142 |   190 ||   411
Block: Buckler           |    29 |    23 |    69 |    35 ||   156

Table legend: (Time is in decaauts)
 A = Elapsed time spent in this place.
 B = Non-inter-level travel time spent in this place.
 C = Inter-level travel time spent in this place.
 D = Time resting spent in this place.
 E = Time spent auto-exploring this place.
 F = Levels seen in this place.
 G = Mean time per level.
                   A        B        C        D        E       F      G
               +--------+--------+--------+--------+--------+-----+--------+
         Total |   8444 |   8225 |    219 |   1225 |   5372 |  11 |  767.6 |
       Dungeon |   8027 |   7808 |    219 |   1078 |   5372 |  10 |  802.7 |
        Bailey |    416 |    416 |      0 |    147 |      0 |   1 |  416.0 |
               +--------+--------+--------+--------+--------+-----+--------+

Top non-repeatable levels by time:
     D:9: 1174 daAuts
     D:2: 1080 daAuts
     D:4: 1057 daAuts
     D:3: 999 daAuts
     D:8: 867 daAuts
     D:1: 783 daAuts
     D:6: 671 daAuts
     D:5: 663 daAuts
     D:7: 619 daAuts
  Bailey: 416 daAuts
    D:10: 110 daAuts
